 Dungeon Crawl Stone Soup version 0.20.1-1-g8b1a95d (webtiles) character file.

23518 Hettar the Warrior (level 12, -13/121 HPs)
             Began as a Minotaur Berserker on July 10, 2017.
             Was a High Priest of Trog.
             Blown up by an orb spider (44 damage)
             ... with an orb of destruction
             ... on level 1 of the Spider Nest on July 11, 2017.
             The game lasted 02:38:28 (15514 turns).

Hettar the Warrior (Minotaur Berserker)            Turns: 15514, Time: 02:38:28

Health: -13/121    AC: 25    Str: 25    XL:     12   Next: 72%
Magic:  11/11      EV:  8    Int:  4    God:    Trog [*****.]
Gold:   927        SH:  4    Dex: 12    Spells: 11/11 levels left

rFire    . . .     SeeInvis .   k - +2 great sword
rCold    . . .     Gourm    .   (shield currently unavailable)
rNeg     . . .     Faith    .   U - +4 plate armour
rPois    .         Spirit   .   (helmet restricted)
rElec    .         Reflect  +   (no cloak)
rCorr    +         Harm     .   W - +1 pair of gloves
MR       .....                  K - +1 pair of boots
Stlth    ..........             G - +4 amulet of reflection
Regen    0.3/turn               S - ring of resist corrosion
MPRegen  0.2/turn               D - ring of stealth

@: no status effects
A: retaliatory headbutt, horns 2
a: Berserk, Trog's Hand, Brothers in Arms, Burn Spellbooks, Renounce Religion


You were on level 1 of the Spider Nest.
You worshipped Trog.
Trog was extremely pleased with you.
You were not hungry.

You visited 4 branches of the dungeon, and saw 14 of its levels.
You also visited: Sewer.

You collected 927 gold pieces.

Inventory:

Hand Weapons
 i - a +0 great sword of slicing
 k - a +2 great sword (weapon)
 J - a +0 halberd of venom
 X - a +1 quarterstaff of pain
Armour
 b - a +0 animal skin
 K - a +1 pair of boots (worn)
 U - a +4 plate armour (worn)
 W - a +1 pair of gloves (worn)
Jewellery
 a - an uncursed ring of ice
 D - a ring of stealth (right hand)
 G - a +4 amulet of reflection (around neck)
 S - a ring of resist corrosion (left hand)
 Z - a +5 ring of protection {unknown}
Wands
 f - a wand of scattershot (2/9)
 u - a wand of random effects (21/48)
 y - a wand of acid (5/15)
 A - a wand of iceblast (2/15)
 B - a wand of flame (26/48)
 C - a wand of lightning (2/15)
 T - a wand of confusion (14/48)
Scrolls
 e - a scroll of silence {unknown}
 h - 5 scrolls of recharging
 j - a scroll of amnesia {unknown}
 l - 2 scrolls of immolation
 p - 4 scrolls of teleportation
 r - 9 scrolls of remove curse
 E - 2 scrolls of magic mapping
 F - a scroll of acquirement {unknown}
 M - a scroll of fear
 N - 3 scrolls of blinking
 O - a scroll of fog {unknown}
Potions
 m - a potion of degeneration {unknown}
 n - a potion of mutation {unknown}
 q - 3 potions of heal wounds
 s - 6 potions of curing
 t - a potion of cancellation {unknown}
 H - 2 potions of berserk rage {unknown}
 L - a potion of might {unknown}
 P - a potion of invisibility {unknown}
 Q - 6 potions of flight
 R - a potion of haste {unknown}
Books
 d - a book of Clouds

   Spells                             Type                      Level
   a - Poisonous Vapours              Poison/Air                   2
   b - Mephitic Cloud                 Conjuration/Poison/Air       3
   c - Conjure Flame                  Conjuration/Fire             3
   d - Freezing Cloud                 Conjuration/Ice/Air          6
   e - Ring of Flames                 Charms/Fire                  7
   Trog disapproves of the use of such an item.
Miscellaneous
 o - a crystal ball of energy
 Y - a lightning rod (3/4)
Comestibles
 c - 2 bread rations
 g - 5 fruits
 v - 3 meat rations
 z - 3 royal jellies


   Skills:
 * Level 15.3 Fighting
 * Level 15.2 Long Blades
 * Level 13.0 Armour
 - Level 2.3 Dodging


You had 11 spell levels left.
You didn't know any spells.

Dungeon Overview and Level Annotations

Branches:
Dungeon (9/15)             Temple (1/1) D:5            Lair (3/6) D:9
  Swamp (0/4) Lair:3       Spider (1/4) Lair:3          Orc (0/2) D:9

Altars:
Ashenzari
Cheibriados
Dithmenos
Elyvilon
Fedhas
Gozag
Hepliaklqana
Kikubaaqudgha
Makhleb
Nemelex Xobeh
Okawaru
Qazlal
Ru
Sif Muna
Trog
Uskayaw
Vehumet
Xom
Yredelemnul
Zin
The Shining One

Shops:
D:6 :   D:7 !

Annotations:
D:5 1 transporter


Innate Abilities, Weirdness & Mutations

You reflexively headbutt those who attack you in melee.
You have a pair of horns on your head.


Message History

You eat one of the 2 chunks of flesh.
This raw flesh tastes terrible.
You feel sick.
You start resting.
You feel sick. x17
You feel yourself speed up.
All of the chunks of flesh in your inventory have rotted away.
You start resting.
You feel sick.
You are no longer poisoned.
You start resting.
You recover from your berserk rage.
You start resting.
An orb spider comes into view.
An orb spider is nearby!
The orb spider hisses angrily.
You start resting.
The orb spider begins to weave its threads into a brightly glowing ball.
An orb spider is nearby!
The orb spider weaves a glowing orb of energy.
An orb of destruction comes into view.
The orb of destruction hits you!
You die...

......#..........#
.....s..........#
................#
.............##
.........†s...##
.......##§[....##
.......##§.†....##
.....#.#§........##
##......@..†......#
..........).......#
.#####............#
#..............
#...........##.
#...........#
............##
...##.......... ..#
##..........


You could see an orb spider.

Vanquished Creatures
  Rupert (Spider:1)
  The ghost of Britaniac the Geomancer, a journeyman GrEE of Vehumet (Lair:3)
  Fannar (Lair:2)
  2 hydras (Lair:2)
  Erica (D:8)
  3 two-headed ogres
  2 wolf spiders (Spider:1)
  A moth of wrath (Spider:1)
  2 black mambas (Lair:2)
  2 spiny frogs (Lair:2)
  The ghost of MrModeste the Quickloader, a novice CeHu (D:4)
  4 gargoyles (D:9)
  5 komodo dragons
  2 demonic crawlers (Spider:1)
  A troll (D:7)
  Grinder (D:6)
  A jumping spider (Spider:1)
  3 hippogriffs
  Prince Ribbit (D:8)
  5 blink frogs (Lair:3)
  8 redbacks (Spider:1)
  4 basilisks
  4 tarantellas (Spider:1)
  A wyvern (D:8)
  A hungry ghost (D:8)
  3 insubstantial wisps (Lair:3)
  6 water moccasins
  2 hell hounds (D:9)
  2 porcupines
  2 orc warriors (D:6)
  3 phantoms
  2 ice beasts
  An eye of draining (D:9)
  A hornet zombie (D:8)
  8 ogres
  3 centaurs
  4 crocodiles
  A gnoll sergeant (D:8)
  11 bullfrogs
  A wyvern zombie (D:6)
  A scorpion (D:4)
  A wyvern skeleton (D:9)
  4 wights (D:5)
  A howler monkey (D:4)
  4 crimson imps
  A quasit (D:8)
  A centaur skeleton (D:6)
  A centaur zombie (D:7)
  A jelly (D:6)
  6 orc priests
  7 hounds
  3 iguanas
  3 orc wizards
  4 worker ants
  A hound skeleton (D:5)
  A worker ant zombie (D:7)
  12 gnolls
  10 adders
  3 river rats (D:3)
  2 shadow imps
  2 oozes
  An adder zombie (D:5)
  3 worms
  A dart slug (D:1)
  2 leopard geckos
  30 orcs
  4 ball pythons
  5 giant cockroaches
  6 goblins
  7 hobgoblins
  6 jackals
  2 quokkas
  14 bats
  2 frilled lizards
  A jackal skeleton (D:8)
  5 kobolds
  A leopard gecko skeleton (D:7)
  2 quokka skeletons
  4 rats
  A bush (Temple)
  5 fungi
  15 plants
294 creatures vanquished.

Vanquished Creatures (others)
  A fungus (Lair:2)
  A plant (Lair:2)
2 creatures vanquished.

Grand Total: 296 creatures vanquished

Notes
Turn   | Place    | Note
-------+----------+-------------------------------------------
     0 | D:1      | Hettar the Minotaur Berserker began the quest for the Orb.
     0 | D:1      | Reached XP level 1. HP: 19/19 MP: 0/0
   324 | D:1      | Reached XP level 2. HP: 27/27 MP: 1/1
  1085 | D:2      | Found an ancient bone altar of Kikubaaqudgha.
  1276 | D:2      | Found a deep blue altar of Sif Muna.
  1497 | D:2      | Reached XP level 3. HP: 31/33 MP: 2/2
  1707 | D:2      | Reached ** piety under Trog
  2135 | D:3      | Reached XP level 4. HP: 36/41 MP: 3/3
  2157 | D:3      | Found a glowing drain.
  2171 | Sewer    | Entered a sewer
  2365 | Sewer    | Reached skill level 5 in Long Blades
  2818 | D:3      | Found a sacrificial altar of Ru.
  3025 | D:3      | Found a hide-covered altar of Uskayaw.
  3101 | D:3      | Reached skill level 5 in Fighting
  3132 | D:3      | Found an iron altar of Okawaru.
  3345 | D:4      | Reached XP level 5. HP: 35/48 MP: 4/4
  3612 | D:4      | Noticed an ogre
  3623 | D:4      | Killed an ogre
  3662 | D:4      | Found a burning altar of Makhleb.
  3668 | D:4      | Reached XP level 6. HP: 57/57 MP: 5/5
  3698 | D:4      | Reached *** piety under Trog
  3928 | D:4      | Noticed MrModeste's ghost (novice CeHu)
  3942 | D:4      | Killed MrModeste's ghost
  3942 | D:4      | Reached XP level 7. HP: 50/66 MP: 6/6
  4110 | D:4      | Reached skill level 5 in Armour
  4316 | D:5      | Entered Level 5 of the Dungeon
  4469 | D:5      | Reached XP level 8. HP: 22/74 MP: 7/7
  4813 | D:5      | Found a transporter.
  4826 | D:5      | Found a transporter.
  4827 | D:5      | Got a steaming hand axe
  4930 | D:5      | Noticed a two-headed ogre
  4951 | D:5      | Killed a two-headed ogre
  5712 | D:5      | Found a staircase to the Ecumenical Temple.
  5788 | D:5      | Found a glowing silver altar of Zin.
  5922 | Temple   | Entered the Ecumenical Temple
  6111 | D:6      | Reached XP level 9. HP: 80/84 MP: 8/8
  6149 | D:6      | Found a snail-covered altar of Cheibriados.
  6348 | D:6      | Reached skill level 10 in Long Blades
  6405 | D:6      | Reached skill level 10 in Fighting
  6438 | D:6      | Found an opulent altar of Gozag.
  6457 | D:6      | Noticed Grinder
  6472 | D:6      | Paralysed by Grinder for 3 turns
  6479 | D:6      | Killed Grinder
  6479 | D:6      | Reached **** piety under Trog
  6699 | D:6      | Found Foboeb's Book Boutique.
  7165 | D:7      | Found a sparkling altar of Nemelex Xobeh.
  7197 | D:7      | Noticed a troll
  7209 | D:7      | Killed a troll
  7264 | D:7      | Found Giotwamu's Distillery.
  7790 | D:7      | Reached XP level 10. HP: 73/96 MP: 9/9
  8003 | D:8      | Got a steaming scimitar
  8009 | D:8      | Noticed a two-headed ogre
  8015 | D:8      | Killed a two-headed ogre
  8132 | D:8      | Noticed Erica
  8159 | D:8      | Killed Erica
  8376 | D:8      | Found a radiant altar of Vehumet.
  8504 | D:8      | Noticed Prince Ribbit
  8518 | D:8      | Killed Prince Ribbit
  9220 | D:8      | Noticed a two-headed ogre
  9267 | D:8      | Killed a two-headed ogre
  9269 | D:8      | Reached ***** piety under Trog
  9755 | D:9      | Noticed a gargoyle
  9759 | D:9      | Killed a gargoyle
  9759 | D:9      | Reached XP level 11. HP: 106/106 MP: 10/10
  9792 | D:9      | Reached skill level 10 in Armour
 10022 | D:9      | Found a staircase to the Lair.
 10142 | D:9      | Found a staircase to the Orcish Mines.
 10257 | D:9      | Found a white marble altar of Elyvilon.
 10505 | Lair:1   | Entered Level 1 of the Lair of Beasts
 11904 | Lair:2   | Noticed Fannar
 11917 | Lair:2   | Killed Fannar
 12625 | Lair:2   | Noticed a five-headed hydra
 12641 | Lair:2   | Killed an eight-headed hydra
 13031 | Lair:2   | Noticed a five-headed hydra
 13044 | Lair:2   | Killed a 13-headed hydra
 13610 | Lair:3   | Found a hole to the Spider Nest.
 13725 | Lair:3   | Reached XP level 12. HP: 102/117 MP: 11/11
 14339 | Lair:3   | Noticed Britaniac's ghost (journeyman GrEE)
 14378 | Lair:3   | Killed Britaniac's ghost
 14489 | Lair:3   | Found a staircase to the Swamp.
 14908 | Spider:1 | Entered Level 1 of the Spider Nest
 15268 | Spider:1 | Noticed Rupert
 15278 | Spider:1 | Killed Rupert
 15278 | Spider:1 | Reached skill level 15 in Fighting
 15278 | Spider:1 | Reached skill level 15 in Long Blades
 15514 | Spider:1 | Blown up by an orb spider

Skill      XL: |  1  2  3  4  5  6  7  8  9 10 11 12 |
---------------+-------------------------------------+-----
Fighting       | 4 5 7 9 11 12 14 15 | 15.3
Long Blades    | 4 5 7 8 9 11 12 14 15 | 15.2
Armour         | 3 4 5 6 7 9 11 13 | 13.0
Dodging        | |  2.3

Action                   |  1- 3 |  4- 6 |  7- 9 | 10-12 || total
-------------------------+-------+-------+-------+-------++-------
Melee: Falchion          |    52 |       |       |       ||    52
       Headbutt          |    12 |    51 |    42 |    96 ||   201
       Halberd           |     5 |   184 |    51 |       ||   240
       Great sword       |       |       |   182 |   423 ||   605
Invok: Berserk           |       |     1 |     3 |     5 ||     9
       Trog's Hand       |       |     1 |     1 |     2 ||     4
Evoke: Wand              |       |     2 |       |    25 ||    27
       Lightning rod     |       |       |       |     1 ||     1
  Use: Scroll            |     6 |     3 |     7 |    11 ||    27
       Potion            |       |       |       |     3 ||     3
 Stab: Confused          |       |       |       |     1 ||     1
  Eat: Bread ration      |     1 |     1 |     2 |     2 ||     6
       Chunk             |       |     3 |     2 |     5 ||    10
       Royal jelly       |       |       |     1 |       ||     1
       Fruit             |       |       |     1 |     4 ||     5
       Meat ration       |       |       |     1 |     2 ||     3
Armor: Chain mail        |    21 |       |       |       ||    21
       Animal skin       |     2 |       |       |       ||     2
       Robe              |     1 |    36 |       |       ||    37
       Plate armour      |       |    25 |   122 |   367 ||   514
Dodge: Dodged            |    37 |    78 |    93 |   181 ||   389
Block: Other             |       |    21 |    39 |    81 ||   141
       Reflection        |       |       |       |     2 ||     2
       Rpst.: Falchion   |    12 |       |       |       ||    12
       Great sword       |       |       |    12 |    31 ||    43
